 Dungeon Crawl Stone Soup version 0.26.0-7-g794d0892b4 (webtiles) character file.

Game seed: 3992522037797575893

135 H0rd4k the Magician (level 4, -2/24 HPs)
             Began as a Deep Elf Hedge Wizard on Jan 11, 2021.
             Killed by nerve-wracking pain
             ... invoked by Grinder
              (9 damage)
             ... while paralysed by Grinder
             ... on level 3 of the Dungeon.
             The game lasted 00:04:41 (2563 turns).

H0rd4k the Magician (Deep Elf Hedge Wizard)         Turns: 2563, Time: 00:04:42

Health: -2/24      AC:  2    Str:  7    XL:     4   Next: 96%
Magic:  13/13      EV:  2    Int: 20    God:
Gold:   67         SH:  0    Dex: 14    Spells: 5/14 levels left

rFire    . . .     SeeInvis .   a - +0 dagger
rCold    . . .     Faith    .   (no shield)
rNeg     . . .     Spirit   .   b - +0 robe
rPois    .         Reflect  .   c - +0 hat
rElec    .         Harm     .   (no cloak)
rCorr    .         Rampage  .   (no gloves)
Will     .....                  (no boots)
Stlth    ++........             (no amulet)
HPRegen  0.08/turn              (no ring)
MPRegen  0.13/turn              (no ring)

@: paralysed
A: no striking features
a: no special abilities


You were on level 3 of the Dungeon.
You visited 1 branch of the dungeon, and saw 3 of its levels.

You collected 67 gold pieces.

Inventory:

Hand Weapons
 a - a +0 dagger (weapon)
Missiles
 f - 51 poisoned darts
Armour
 b - a +0 robe (worn)
 c - a +0 hat (worn)
Scrolls
 d - a scroll of remove curse {unknown}
 g - a scroll of teleportation {unknown}
 i - a scroll of magic mapping {unknown}
 j - 7 scrolls of identify {unknown}
 k - 2 scrolls of fog {unknown}
 m - 2 scrolls of amnesia {unknown}
 o - a scroll of random uselessness {unknown}
 p - a scroll of immolation {unknown}
Potions
 e - a potion of invisibility {unknown}
 h - a potion of haste
 l - 2 potions of curing
 n - a potion of might {unknown}
 q - a potion of lignification {unknown}


   Skills:
 + Level 3.0 Dodging
 + Level 2.9 Stealth
 + Level 5.9 Spellcasting
 + Level 2.2 Conjurations
 + Level 1.1 Summonings
 + Level 1.1 Translocations
 * Level 1.5 Fire Magic
 * Level 1.0 Air Magic
 + Level 1.1 Poison Magic


You had 5 spell levels left.
You knew the following spells:

 Your Spells              Type           Power        Failure   Level
a - Magic Dart            Conj           56%          4%          1
b - Blink                 Tloc           N/A          10%         2
c - Conjure Flame         Conj/Fire      13%          14%         3
d - Mephitic Cloud        Conj/Pois/Air  11%          17%         3

Your spell library contained the following spells:

 Spells                   Type           Power        Failure   Level
 Call Imp                 Summ           10%          10%         2
 Slow                     Hex            5%           16%         2


Dungeon Overview and Level Annotations

Branches:
Dungeon (3/15)

Altars:
Kikubaaqudgha
Yredelemnul

Annotations:
D:3 Grinder


Message History

Grinder drinks a potion.
Grinder seems to speed up.
Grinder blinks!
You can move again.
Grinder blinks!
Casting: Magic Dart (safe; 4% risk of failure)
Confirm with . or Enter, or press ? or * to list all spells.
You can't see any susceptible monsters within range! (Use Z to cast anyway.) Unknown command.
Unknown command.
Grinder blinks!
Grinder gestures at you. Pain shoots through your body!
Grinder blinks!
Grinder gestures at you.
You suddenly lose the ability to move!
Grinder hits you!
You writhe in agony.
* * * LOW HITPOINT WARNING * * *
Grinder gestures at you. Pain shoots through your body!
You die...

#..###.# #..###.# #....#.#
# #.##.#.# .# #.##.#[####.
#......##.. ####.)..#.#
###### ####.#.###......
#.5@....# ##.#.#<#.#
#........# ######
##.#.....# .o...#
#>#.....# ####.# #.#.....#
.# #o#########....>..#
..#.
#........#####...######...
#.###.###.#.# #..........#


You could see Grinder (fast).

Vanquished Creatures
  Terence (D:2)
  Jessica (D:2)
  2 adders (D:2)
  An ooze (D:1)
  A dart slug (D:3)
  2 leopard geckos
  5 orcs (D:3)
  4 giant cockroaches
  5 goblins
  6 hobgoblins
  8 kobolds
  A quokka (D:2)
  A ball python (D:1)
  5 bats
  4 frilled lizards
  4 rats
51 creatures vanquished.

Vanquished Creatures (others)
  4 toadstools (D:1)
4 creatures vanquished.

Grand Total: 55 creatures vanquished

Notes
Turn   | Place    | Note
-------+----------+-------------------------------------------
     0 | D:1      | H0rd4k the Deep Elf Hedge Wizard began the quest for the
                  | Orb.
     0 | D:1      | Reached XP level 1. HP: 10/10 MP: 7/7
   433 | D:1      | Reached skill level 5 in Spellcasting
   433 | D:1      | Reached XP level 2. HP: 15/15 MP: 3/10
  1119 | D:2      | Reached XP level 3. HP: 19/19 MP: 2/11
  1124 | D:2      | Learned a level 2 spell: Blink
  1128 | D:2      | Learned a level 3 spell: Conjure Flame
  1132 | D:2      | Learned a level 3 spell: Mephitic Cloud
  1486 | D:2      | Noticed Jessica
  1493 | D:2      | Killed Jessica
  1494 | D:2      | Reached XP level 4. HP: 24/24 MP: 6/13
  1602 | D:2      | Found an ancient bone altar of Kikubaaqudgha.
  1663 | D:2      | Noticed Terence
  1681 | D:2      | Killed Terence
  1682 | D:2      | Reached skill level 1 in Poison Magic
  1821 | D:2      | Reached skill level 1 in Fire Magic
  1955 | D:2      | Found a basalt altar of Yredelemnul.
  2350 | D:3      | Reached skill level 1 in Air Magic
  2534 | D:3      | Noticed Grinder
  2538 | D:3      | Paralysed by Grinder for 5 turns
  2560 | D:3      | Paralysed by Grinder for 7 turns
  2563 | D:3      | Killed from afar by Grinder

Illustrated notes

Levels and vault maps discovered:
D:1:      ldierk_walled_garden_2, layout_loops_cross, minmay_pentomino_o4
D:2:      layout_rooms, kiku_gazebo_pond_becter, lemuel_round_altar,
          uniq_jessica, uniq_terence
D:3:      layout_loops_cross, uniq_grinder, uniq_sigmund, uniq_robin

Skill      XL: |  1  2  3  4 |
---------------+-------------+-----
Spellcasting   | 5 |  5.9
Dodging        | 3 |  3.0
Conjurations   | 2 |  2.2
Poison Magic   | 1 |  1.1
Fire Magic     | 1 |  1.5
Air Magic      | 1 |  1.0
Stealth        | |  2.9
Summonings     | |  1.1
Translocations | |  1.1

Action                   |  1- 3 |  4- 6 || total
-------------------------+-------+-------++-------
 Cast: Magic Dart        |    83 |    62 ||   145
       Conjure Flame     |       |     1 ||     1
       Mephitic Cloud    |       |     1 ||     1
Armor: Robe              |     7 |     2 ||     9
Dodge: Dodged            |    17 |    11 ||    28
